 Dungeon Crawl Stone Soup version 0.21.1-1-g345015f (webtiles) character file.

300 Mesmaeker13 the Firebug (level 6, 0/36 HPs)
             Began as an Octopode Fire Elementalist on June 8, 2018.
             Killed by vampiric draining
             ... invoked by 4thArraOfDagon's ghost
              (9 damage)
             ... on level 3 of the Dungeon.
             The game lasted 00:07:33 (4449 turns).

Mesmaeker13 the Firebug (OpFE)                      Turns: 4449, Time: 00:07:34

Health: 0/36       AC:  1    Str:  8    XL:     6   Next: 36%
Magic:  3/9        EV: 14    Int: 19    God:
Gold:   117        SH:  0    Dex: 12    Spells: 3/9 levels left

rFire    . . .     SeeInvis .   i - +0 dagger
rCold    . . .     Gourm    .   (no shield)
rNeg     . . .     Faith    .   (helmet restricted)
rPois    .         Spirit   .   (no amulet)
rElec    .         Reflect  .   (no ring)
rCorr    .         Harm     .   (no ring)
MR       .....                  (no ring)
Stlth    +++.......             (no ring)
HPRegen  0.12/turn              (no ring)
MPRegen  0.11/turn              (no ring)
                                (no ring)
                                (no ring)

@: no status effects
A: almost no armour, stealthy swim, amphibious, 8 rings, constrict 8, camouflage
1, gelatinous body 1
a: no special abilities


You were on level 3 of the Dungeon.
You were hungry.

You visited 1 branch of the dungeon, and saw 4 of its levels.

You collected 117 gold pieces.

Inventory:

Hand Weapons
 i - a +0 dagger (weapon)
Missiles
 k - 2 throwing nets (quivered)
 n - 11 tomahawks
Wands
 r - a wand of iceblast (9)
Scrolls
 c - a scroll of amnesia {unknown}
 d - 2 scrolls of remove curse
 g - 2 scrolls of enchant armour
 j - a scroll of immolation
 o - a scroll of teleportation
 q - 2 scrolls of fear
 t - a scroll of noise {unknown}
 u - a scroll of magic mapping {unknown}
Potions
 e - 2 potions of haste
 l - a potion of berserk rage {unknown}
 m - a potion of flight {unknown}
 p - a potion of lignification
 s - a potion of heal wounds
 v - a potion of agility {unknown}
Books
 a - a book of Flames

   Spells                             Type                      Level
   a - Flame Tongue                   Conjuration/Fire             1
   b - Throw Flame                    Conjuration/Fire             2
   c - Conjure Flame                  Conjuration/Fire             3
   d - Inner Flame                    Hexes/Fire                   3
   e - Sticky Flame                   Conjuration/Fire             4
   f - Fireball                       Conjuration/Fire             5
Comestibles
 b - 4 rations


   Skills:
 + Level 4.0 Dodging
 - Level 2.6 Stealth
 - Level 2.0 Spellcasting
 + Level 3.6 Conjurations
 + Level 4.6 Fire Magic


You had 3 spell levels left.
You knew the following spells:

 Your Spells              Type           Power        Failure   Level  Hunger
a - Flame Tongue          Conj/Fire      ###..        3%          1    #......
b - Throw Flame           Conj/Fire      ###...       4%          2    ###....
c - Conjure Flame         Conj/Fire      ###.....     10%         3    ###....


Dungeon Overview and Level Annotations

Branches:
Dungeon (4/15)
 Temple: D:4-7

Altars:
Uskayaw
Vehumet
Yredelemnul
Zin

Annotations:
D:3 4thArraOfDagon's ghost, amateur DDNe; Natasha
D:4 Bnni's ghost, amateur FeTm


Innate Abilities, Weirdness & Mutations

You cannot wear most types of armour.
You are very stealthy in the water. (Stealth+)
You are amphibious.
You can wear up to eight rings at the same time.
You can use your tentacles to constrict eight enemies at once.
Your skin changes colour to match your surroundings (Stealth+).
Your rubbery body absorbs attacks. (AC +1, EV +1)


Message History

4thArraOfDagon's ghost hits you!
Casting: Flame Tongue
Confirm with . or Enter, or press ? or * to list all spells.
Aiming: Flame Tongue
Press: ? - help, Shift-Dir - straight line, f/p - 4thArraOfDagon's ghost
Aim: 4thArraOfDagon's ghost (severely damaged)
The flame tongue hits 4thArraOfDagon's ghost. 4thArraOfDagon's ghost is severely damaged. 4thArraOfDagon's ghost gestures at you while chanting.
Pain shoots through your body!
* * * LOW HITPOINT WARNING * * *
Casting: Flame Tongue
Confirm with . or Enter, or press ? or * to list all spells.
Aiming: Flame Tongue
Press: ? - help, Shift-Dir - straight line, f/p - 4thArraOfDagon's ghost
Aim: 4thArraOfDagon's ghost (severely damaged)
The flame tongue hits 4thArraOfDagon's ghost. 4thArraOfDagon's ghost is almost destroyed. 4thArraOfDagon's ghost is infused with unholy energy.
You die...

#.........## ##### #.######...##
#... #.# ###.....###.##### #.#
#................ #####.#
#.#........[..###
..##.###.##.............
##########.##.................###
#.......##.######.####.###....#
#.#####........W@.####.#≈#÷.####
.......................###.....##
..#####.##.########.##.......)...
..#####.##.# #.####....##.##
......#.##.## #.# #######.##
..###.......# #.# #.## ..#
###.##..#######.## #.## #.#
#.............#.# #...
#§####...#..#######.## #..)


You could see 4thArraOfDagon's ghost.

Vanquished Creatures
  Natasha (D:3)
  Terence (D:3)
  9 gnolls
  7 adders
  4 oozes
  3 worms
  A leopard gecko (D:3)
  3 orcs (D:3)
  A giant cockroach (D:1)
  10 hobgoblins
  3 jackals (D:1)
  7 kobolds
  A quokka (D:2)
  2 ball pythons (D:3)
  7 bats
  7 frilled lizards
  8 goblins
  8 rats
83 creatures vanquished.

Notes
Turn   | Place    | Note
-------+----------+-------------------------------------------
     0 | D:1      | Mesmaeker13 the Octopode Fire Elementalist began the quest for the Orb.
     0 | D:1      | Reached XP level 1. HP: 11/11 MP: 3/3
   279 | D:1      | Reached XP level 2. HP: 11/17 MP: 0/5
   950 | D:1      | Reached XP level 3. HP: 17/21 MP: 4/6
  1685 | D:2      | Learned a level 2 spell: Throw Flame
  1881 | D:2      | Reached XP level 4. HP: 27/27 MP: 2/7
  2498 | D:2      | Reached XP level 5. HP: 31/31 MP: 1/8
  2614 | D:2      | Found a glowing silver altar of Zin.
  2615 | D:2      | Found a hide-covered altar of Uskayaw.
  2851 | D:2      | Found a basalt altar of Yredelemnul.
  3062 | D:3      | Learned a level 3 spell: Conjure Flame
  3384 | D:3      | Noticed Terence
  3389 | D:3      | Killed Terence
  3451 | D:3      | Reached XP level 6. HP: 24/36 MP: 2/9
  3680 | D:3      | Noticed 4thArraOfDagon's ghost (amateur DDNe)
  3907 | D:4      | Noticed Bnni's ghost (amateur FeTm)
  4090 | D:3      | Noticed Natasha
  4094 | D:3      | Killed Natasha
  4262 | D:3      | Noticed Natasha
  4314 | D:2      | Found a radiant altar of Vehumet.
  4449 | D:3      | Killed from afar by 4thArraOfDagon's ghost

Skill      XL: |  1  2  3  4  5  6 |
---------------+-------------------+-----
Conjurations   | 2 3 |  3.6
Dodging        | 3 4 |  4.0
Fire Magic     | 4 |  4.6
Stealth        | |  2.6
Spellcasting   | |  2.0

Action                   |  1- 3 |  4- 6 || total
-------------------------+-------+-------++-------
Melee: Unarmed           |     9 |     2 ||    11
       Dagger            |    65 |    46 ||   111
       Constrict         |    22 |    10 ||    32
       Tentacles         |    10 |     8 ||    18
 Cast: Flame Tongue      |    29 |    82 ||   111
       Throw Flame       |     2 |     9 ||    11
Evoke: Wand              |       |     5 ||     5
  Use: Scroll            |     2 |     4 ||     6
       Potion            |       |     4 ||     4
 Stab: Sleeping          |     6 |     4 ||    10
  Eat: Chunk             |     3 |     6 ||     9
       Ration            |       |     1 ||     1
Armor: Skin              |    11 |     9 ||    20
Dodge: Dodged            |    67 |    49 ||   116
